 Dungeon Crawl Stone Soup version 0.21-a0-2-ge494091 (webtiles) character file.

111786 Klosterheim the Severer (level 16, -5/129 HPs)
             Began as a Demonspawn Berserker on May 21, 2017.
             Was the Champion of Trog.
             Slain by Asterion
             ... wielding a +1 demon trident of freezing
              (23 damage)
             ... on level 1 of the Spider Nest.
             The game lasted 01:02:07 (26530 turns).

Klosterheim the Severer (Demonspawn Berserker)     Turns: 26530, Time: 01:02:09

Health: -5/129     AC: 24    Str: 23    XL:     16   Next: 10%
Magic:  20/20      EV: 12    Int: 10    God:    Trog [******]
Gold:   2174       SH:  0    Dex: 13    Spells: 15/15 levels left

rFire    . . .     SeeInvis .   g - +3 executioner's axe (flame)
rCold    + . .     Gourm    .   (shield currently unavailable)
rNeg     . . .     Faith    .   I - +2 plate armour {rPois}
rPois    +         Spirit   .   (helmet unavailable)
rElec    .         Reflect  .   w - +1 cloak {MR+}
rCorr    .         Harm     .   (no gloves)
MR       +++..                  (no boots)
Stlth    ..........             C - amulet of regeneration
Regen    0.8/turn               U - +4 ring of protection
MPRegen  0.2/turn               H - +3 ring of slaying

@: about to teleport, very slightly contaminated, hasted and slowed, invisible
A: claws 2, horns 3, talons 2, cold resistance 1, magic resistance 1, spiny 2,
rot immunity
a: Berserk, Trog's Hand, Brothers in Arms, Burn Spellbooks, Renounce Religion


You were on level 1 of the Spider Nest.
You worshipped Trog.
Trog was exalted by your worship.
You were near starving.

You visited 4 branches of the dungeon, and saw 24 of its levels.
You also visited: Ice Cave and Volcano.

You collected 3108 gold pieces.
You spent 934 gold pieces at shops.

Inventory:

Hand Weapons
 g - a +3 executioner's axe of flaming (weapon)
 z - a +2 scimitar of flaming
 F - a +3 antimagic battleaxe
Armour
 w - a +1 cloak of magic resistance (worn)
 I - a +2 plate armour of poison resistance (worn)
Jewellery
 l - an uncursed ring of protection from cold
 C - an amulet of regeneration (around neck)
 H - a +3 ring of slaying (right claw)
 N - the ring of Joimyoru {rF+ Stlth+}
   (You found it in an ice cave)

   [ring of protection from fire]

   It protects you from fire.
   It makes you more stealthy.
 U - a +4 ring of protection (left claw)
Wands
 p - a wand of iceblast (10/15)
 B - a wand of paralysis (16/24)
 G - a wand of scattershot (4/9)
 Q - a wand of clouds (3/9)
 W - a wand of digging (8/24)
Scrolls
 m - 2 scrolls of recharging
 n - 2 scrolls of magic mapping
 o - 4 scrolls of teleportation
 q - 8 scrolls of remove curse
 A - 5 scrolls of fear
 K - a scroll of enchant armour
 P - a scroll of blinking
 R - a scroll of identify
Potions
 a - a potion of degeneration {unknown}
 b - a potion of cancellation
 d - 8 potions of curing
 e - a potion of haste
 i - 2 potions of lignification
 j - a potion of invisibility
 r - 4 potions of mutation
 s - a potion of brilliance
 u - 5 potions of flight
 v - 3 potions of might
 x - 5 potions of resistance
 E - 2 potions of agility
 O - a potion of ambrosia
Miscellaneous
 D - a sack of spiders
 J - a lightning rod (4/4)
 T - a box of beasts
Comestibles
 c - 13 bread rations
 h - 16 royal jellies
 k - 15 meat rations
 t - 10 fruits


   Skills:
 - Level 12.6 Fighting
 - Level 18.4 Axes
 * Level 13.4 Armour
 + Level 9.1 Dodging
 - Level 6.0 Evocations


You had 15 spell levels left.
You didn't know any spells.

Dungeon Overview and Level Annotations

Branches:
Dungeon (15/15)            Temple (0/1) D:4            Lair (6/6) D:9
 Shoals (0/4) Lair:2       Spider (1/4) Lair:3        Slime (0/5) Lair:5
    Orc (2/2) D:11            Elf (0/3) Orc:2        Vaults (0/5) D:13
 Depths (0/5) D:15

Altars:
Ashenzari
Hepliaklqana
Kikubaaqudgha
Ru
Uskayaw
Vehumet
Wu Jian
Yredelemnul
Beogh

Shops:
D:5 [   D:6 *   D:15 }   Orc:2 [!}!

Portals:
Trove: D:10 (give 12 potions of heal wounds)

Annotations:
Spider:1 Asterion


Innate Abilities, Weirdness & Mutations

You have very sharp fingernails.
You have a pair of large horns on your head.
You have razor-sharp toenails.
You are mostly covered in sharp spines.
You are immune to rotting.
Your flesh is cold resistant. (rC+)
You are resistant to hostile enchantments. (MR+)


Message History

As you read the scroll of teleportation, it crumbles to dust.
You feel strangely unstable.
You feel better.
You feel better.
You catch the helpless tarantella completely off-guard!
You slash the tarantella! You burn the tarantella.
You kill the tarantella!
Trog accepts your kill.
The orb spider spins a strand of pure energy.
Your surroundings suddenly seem different.
The redback bites you!
* * * LOW HITPOINT WARNING * * *
Asterion barely misses you.
The redback bites you but does no damage.
A jumping spider comes into view.
As you read the scroll of teleportation, it crumbles to dust.
You feel strangely unstable.
The jumping spider hisses angrily.
Asterion hits you from afar with a demon trident of freezing!!
You die...

...# .. ###.s.
####..#
.≈....##^....##
###^.......!..
#......#
##.>##....# ##
#.. ...
#....#####≈ ....
#
###.H2..#.##...#
.#.@##§...#
.##Es.....#
..#.§.#####
#.#.#ss.# .#
###).##..##
#††^....!#
#H#†.[.###
#s#.#.s.#
#.#≈#..##


You could see Asterion, a blizzard demon, 2 orb spiders, a fire elemental, a
jumping spider (wandering) and 2 redbacks.

Vanquished Creatures
  Rupert (D:14)
  Frances (D:14)
  A tengu reaver (D:15)
  A frost giant (D:15)
  An emperor scorpion (Spider:1)
  Azrael (Spider:1)
  A red draconian (Volcano)
  An ettin (Orc:2)
  A fire dragon (D:15)
  Fannar (Lair:1)
  Josephine (Orc:2)
  2 vault guards
  Harold (Lair:3)
  2 ice dragons
  Erolcha (Orc:2)
  3 hydras
  A rakshasa (D:15)
  3 centaur warriors
  4 catoblepae (Lair:6)
  4 death yaks (Lair:6)
  Erica (D:9)
  3 two-headed ogres
  2 ogre magi (Orc:2)
  Urug (D:14)
  A salamander mystic (Volcano)
  6 wizards
  An unseen horror (D:15)
  A flayed ghost (D:15)
  Pikel (D:5)
  A wolf spider zombie (D:15)
  A necromancer (D:9)
  An orb spider (Lair:3)
  18 ugly things
  9 orc sorcerers (Orc:2)
  5 cyclopes
  3 deep elf magi
  2 wolf spiders
  6 manticores
  6 salamanders (Volcano)
  13 slime creatures
  The ghost of nikopol the Skirmisher, a novice GrBe of Trog (D:5)
  5 black mambas
  Maurice (D:9)
  2 molten gargoyles (Lair:5)
  2 orange demons (D:13)
  3 gargoyles
  2 ice statues (IceCv)
  8 spiny frogs
  A demonic crawler (Spider:1)
  A torpor snail (Lair:6)
  5 kobold demonologists
  14 rime drakes
  2 komodo dragons (Lair:6)
  A merfolk (D:11)
  A jumping spider (Spider:1)
  9 trolls
  A polar bear (Lair:6)
  5 hippogriffs
  2 dream sheep (Lair:6)
  14 blink frogs (Lair:6)
  A raiju (shapeshifter) (D:15)
  The ghost of nikopol the Skirmisher, an amateur GrBe of Trog (D:4)
  A tarantella (Spider:1)
  10 redbacks (Spider:1)
  A shadow (D:14)
  2 vampires
  2 basilisks
  5 wraiths
  A fire elemental (Lair:3)
  29 yaks
  18 humans
  3 spriggans (Lair:6)
  6 wyverns
  2 hungry ghosts
  8 steam dragons (Lair:2)
  9 vampire mosquitoes
  A warg (Orc:1)
  Menkaure (D:6)
  An acid dragon (Lair:2)
  13 water moccasins
  2 hell hounds (Spider:1)
  3 porcupines
  A soldier ant (D:13)
  24 ice beasts
  23 orc warriors
  3 sky beasts
  A slave (D:5)
  4 phantoms
  2 necrophages
  A black bear (D:13)
  4 eyes of draining
  12 ogres
  A boggart (D:15)
  18 centaurs
  9 crocodiles
  6 big kobolds
  10 bullfrogs
  2 gnoll sergeants
  9 scorpions
  23 killer bees
  5 wights (D:11)
  2 howler monkeys (D:9)
  12 crimson imps
  4 hounds
  5 lava snakes (Lair:5)
  4 centaur skeletons
  A bullfrog zombie (D:6)
  15 orc priests
  5 jellies
  46 orc wizards
  Jessica (D:2)
  6 iguanas
  Natasha (thrice) (D:2)
  17 worker ants
  A killer bee zombie (D:8)
  A hound skeleton (D:6)
  2 worker ant zombies
  Robin (D:2)
  11 gnolls
  A howler monkey skeleton (D:4)
  10 adders
  2 shadow imps
  8 oozes
  5 worms (D:2)
  3 dart slugs (D:1)
  6 leopard geckos
  81 orcs
  2 ball pythons
  4 giant cockroaches
  13 goblins
  8 hobgoblins
  4 jackals (D:5)
  6 quokkas
  11 bats
  5 frilled lizards
  17 kobolds
  6 rats
  3 fungi (Lair:6)
  4 plants
808 creatures vanquished.

Vanquished Creatures (collateral kills)
  Gastronok (D:9)
  An ice dragon (IceCv)
  A necromancer (D:9)
  An orc sorcerer (D:9)
  A kobold demonologist (D:9)
  A boggart (D:9)
6 creatures vanquished.

Vanquished Creatures (others)
  A necromancer (D:13)
  A rime drake (Lair:2)
  3 slaves (D:5)
  A boggart (D:9)
  An orc priest (D:5)
  A worker ant (D:5)
  3 orcs (D:5)
  A quokka (D:5)
  9 fungi (Lair:6)
  5 plants
26 creatures vanquished.

Grand Total: 840 creatures vanquished

Notes
Turn   | Place    | Note
-------+----------+-------------------------------------------
     0 | D:1      | Klosterheim the Demonspawn Berserker began the quest for the Orb.
     0 | D:1      | Reached XP level 1. HP: 18/18 MP: 1/1
   147 | D:1      | Reached skill level 3 in Axes
   154 | D:1      | Gained mutation: You have sharp toenails. [demonic ancestry]
   154 | D:1      | Reached XP level 2. HP: 4/24 MP: 2/2
   781 | D:1      | Gained mutation: You are partially covered in sharp spines. [demonic ancestry]
   781 | D:1      | Reached XP level 3. HP: 29/29 MP: 3/3
  1044 | D:2      | Noticed Jessica
  1049 | D:2      | Killed Jessica
  1100 | D:2      | Reached ** piety under Trog
  1208 | D:2      | Reached XP level 4. HP: 32/37 MP: 4/4
  1315 | D:2      | Reached skill level 4 in Axes
  1601 | D:2      | Noticed Robin
  1606 | D:2      | Noticed Natasha
  1611 | D:2      | Killed Robin
  1616 | D:2      | Killed Natasha
  1686 | D:2      | Gained mutation: You have a pair of small horns on your head. [demonic ancestry]
  1686 | D:2      | Reached XP level 5. HP: 42/42 MP: 5/5
  1858 | D:2      | Noticed Natasha
  1864 | D:2      | Killed Natasha
  2063 | D:2      | Noticed Natasha
  2068 | D:2      | Killed Natasha
  2146 | D:3      | Reached *** piety under Trog
  2221 | D:3      | Reached skill level 5 in Axes
  2347 | D:3      | Gained mutation: You have sharp fingernails. [demonic ancestry]
  2347 | D:3      | Reached XP level 6. HP: 49/49 MP: 6/6
  2437 | D:3      | Found a shattered altar of Ashenzari.
  2813 | D:3      | Found a sacrificial altar of Ru.
  3067 | D:4      | Noticed nikopol's ghost (amateur GrBe)
  3079 | D:4      | Killed nikopol's ghost
  3079 | D:4      | Reached skill level 5 in Fighting
  3079 | D:4      | Reached skill level 6 in Axes
  3079 | D:4      | Gained mutation: You have a pair of horns on your head. [demonic ancestry]
  3079 | D:4      | Reached XP level 7. HP: 56/56 MP: 7/7
  3386 | D:4      | Found a staircase to the Ecumenical Temple.
  3850 | D:5      | Entered Level 5 of the Dungeon
  3856 | D:5      | Noticed Pikel
  3872 | D:5      | Killed Pikel
  3872 | D:5      | Reached skill level 7 in Axes
  3872 | D:5      | Gained mutation: You have a pair of large horns on your head. [demonic ancestry]
  3872 | D:5      | Reached XP level 8. HP: 64/64 MP: 8/8
  4186 | D:5      | Noticed nikopol's ghost (novice GrBe)
  4491 | D:5      | Reached skill level 8 in Axes
  4689 | D:5      | Found Caku Ett's Armour Emporium.
  4692 | D:5      | Bought a +0 cloak of magic resistance for 138 gold pieces
  4962 | D:5      | Killed nikopol's ghost
  4962 | D:5      | Reached skill level 9 in Axes
  5439 | D:5      | Found Caku Ett's Armour Emporium.
  5579 | D:5      | Gained mutation: You are mostly covered in sharp spines. [demonic ancestry]
  5579 | D:5      | Reached XP level 9. HP: 72/72 MP: 9/9
  5686 | D:6      | Noticed Menkaure
  5689 | D:6      | Killed Menkaure
  5698 | D:6      | Reached **** piety under Trog
  6064 | D:6      | Reached skill level 10 in Axes
  6224 | D:6      | Found Joroonekk's Elemental Accessories.
  6612 | D:7      | Reached skill level 1 in Evocations
  7191 | D:7      | Noticed a cyclops
  7441 | D:7      | Found a hide-covered altar of Uskayaw.
  7441 | D:7      | Found a hazy altar of Hepliaklqana.
  8144 | D:7      | Found a hazy altar of Hepliaklqana.
  8145 | D:7      | Found a hide-covered altar of Uskayaw.
  8321 | D:7      | Killed a cyclops
  8321 | D:7      | Reached XP level 10. HP: 80/80 MP: 11/11
  8532 | D:7      | Reached ***** piety under Trog
  8901 | D:8      | Reached skill level 5 in Armour
  9759 | D:9      | Noticed Maurice
  9763 | D:9      | Noticed a two-headed ogre
  9773 | D:9      | Killed a two-headed ogre
  9788 | D:9      | Killed Maurice
  9866 | D:9      | Noticed a necromancer
  9867 | D:9      | Noticed an orc sorcerer
  9871 | D:9      | Noticed a sun demon
  9874 | D:9      | Noticed a soul eater
  9878 | D:9      | Noticed an orange demon
  9882 | D:9      | Killed an orc sorcerer
  9885 | D:9      | Noticed Gastronok
  9889 | D:9      | Killed a necromancer
  9890 | D:9      | Reached skill level 11 in Axes
  9895 | D:9      | Killed Gastronok
  9954 | D:9      | Noticed a wizard
  9956 | D:9      | Noticed a wizard
  9957 | D:9      | Gained mutation: You have very sharp fingernails. [demonic ancestry]
  9957 | D:9      | Reached XP level 11. HP: 86/86 MP: 13/13
  9962 | D:9      | Killed a wizard
  9972 | D:9      | Gained mutation: Your flesh is cold resistant. (rC+) [potion of mutation]
  9972 | D:9      | Gained mutation: You are resistant to hostile enchantments. (MR+) [potion of mutation]
 10140 | D:9      | Found a basalt altar of Yredelemnul.
 10152 | D:9      | Found a staircase to the Lair.
 10217 | D:9      | Found an ornate altar of the Wu Jian Council.
 10365 | D:9      | Noticed Erica
 10374 | D:9      | Killed Erica
 11114 | D:9      | Noticed a necromancer
 11204 | D:10     | Entered Level 10 of the Dungeon
 11337 | D:10     | Received a gift from Trog
 11578 | D:10     | Noticed a vault guard
 11594 | D:10     | Killed a vault guard
 11594 | D:10     | Reached skill level 12 in Axes
 11658 | D:10     | Found a portal to a secret trove of treasure.
 11963 | D:11     | Found a staircase to the Orcish Mines.
 11987 | D:11     | Found a roughly hewn altar of Beogh.
 12258 | Lair:1   | Entered Level 1 of the Lair of Beasts
 12445 | Lair:1   | Received a gift from Trog
 12567 | Lair:1   | Noticed Fannar
 12585 | Lair:1   | Killed Fannar
 12585 | Lair:1   | Reached skill level 13 in Axes
 12585 | Lair:1   | Gained mutation: You have razor-sharp toenails. [demonic ancestry]
 12585 | Lair:1   | Reached XP level 12. HP: 94/94 MP: 4/14
 13335 | Lair:2   | Identified a scroll of acquirement
 13336 | Lair:2   | Got a fine pewter amulet
 13347 | Lair:2   | Found a staircase to the Shoals.
 13422 | Lair:2   | Found a frozen archway.
 13429 | IceCv    | Entered an ice cave
 13438 | IceCv    | Identified the amulet of Duqate {Harm *Drain rN+ Dex+2 Stlth-} (You acquired it on level 2 of the Lair of Beasts)
 13457 | IceCv    | Reached skill level 14 in Axes
 13521 | IceCv    | Noticed an ice dragon
 13526 | IceCv    | Noticed an ice dragon
 13530 | IceCv    | Killed an ice dragon
 13532 | IceCv    | Killed an ice dragon
 13609 | IceCv    | Got a wavering glass ring
 13615 | IceCv    | Identified the ring of Joimyoru {rF+ Stlth+} (You found it in an ice cave)
 13992 | Lair:2   | Reached skill level 10 in Fighting
 14056 | Lair:2   | Reached skill level 15 in Axes
 14372 | Lair:2   | Reached skill level 16 in Axes
 14410 | Lair:2   | Gained mutation: You are immune to rotting. [demonic ancestry]
 14410 | Lair:2   | Reached XP level 13. HP: 75/104 MP: 15/15
 14968 | Lair:3   | Noticed Harold
 14982 | Lair:3   | Killed Harold
 15215 | Lair:3   | Found a hole to the Spider Nest.
 15395 | Lair:3   | Received a gift from Trog
 16433 | Lair:5   | Found a staircase to the Slime Pits.
 16523 | Lair:5   | Found a dark tunnel.
 16530 | Volcano  | Entered a volcano
 16557 | Volcano  | Found a bloodstained altar of Trog.
 16594 | Volcano  | Noticed a red draconian
 16613 | Volcano  | Killed a red draconian
 16617 | Volcano  | Reached skill level 17 in Axes
 17759 | Lair:6   | Entered Level 6 of the Lair of Beasts
 18247 | Lair:6   | Received a gift from Trog
 18550 | Lair:6   | HP: 3/108 [manticore (4)]
 18554 | Lair:6   | Reached XP level 14. HP: 25/115 MP: 16/16
 18575 | Lair:6   | Reached skill level 18 in Axes
 19672 | Orc:1    | Entered Level 1 of the Orcish Mines
 19696 | Orc:1    | Received a gift from Trog
 20084 | Orc:2    | Entered Level 2 of the Orcish Mines
 20251 | Orc:2    | HP: 6/174 [ettin/dire flail (14)]
 20706 | Orc:2    | Found a staircase to the Elven Halls.
 20714 | Orc:2    | Noticed Josephine
 20721 | Orc:2    | Killed Josephine
 20813 | Orc:2    | Reached ****** piety under Trog
 20881 | Orc:2    | Received a gift from Trog
 20985 | Orc:2    | Found a radiant altar of Vehumet.
 20988 | Orc:2    | Noticed Erolcha
 20998 | Orc:2    | Killed Erolcha
 20998 | Orc:2    | Reached skill level 5 in Dodging
 21017 | Orc:2    | Found an ancient bone altar of Kikubaaqudgha.
 21022 | Orc:2    | Reached skill level 5 in Evocations
 21094 | Orc:2    | Found Toqy's Distillery.
 21298 | Orc:2    | Found a roughly hewn altar of Beogh.
 21298 | Orc:2    | Found Duaresh's Antique Armour Shop.
 21586 | Orc:2    | Found Eqiraesu's Distillery.
 21606 | Orc:2    | Found Suunig's Gadget Boutique.
 21612 | Orc:2    | Bought a potion of resistance for 140 gold pieces
 21612 | Orc:2    | Bought a potion of might for 56 gold pieces
 21621 | Orc:2    | Bought a sack of spiders for 200 gold pieces
 21621 | Orc:2    | Bought a lightning rod (4/4) for 400 gold pieces
 21805 | D:12     | Received a gift from Trog
 21994 | D:12     | Reached skill level 10 in Armour
 23347 | D:13     | Reached XP level 15. HP: 122/122 MP: 19/19
 23422 | D:13     | Found a gate to the Vaults.
 24127 | D:14     | Noticed Frances
 24134 | D:14     | Killed Frances
 24262 | D:14     | Noticed Rupert
 24268 | D:14     | Killed Rupert
 24356 | D:14     | Noticed Urug
 24361 | D:14     | Killed Urug
 24742 | D:15     | Entered Level 15 of the Dungeon
 24876 | D:14     | Received a gift from Trog
 25046 | D:15     | Found a runed door.
 25127 | D:15     | Noticed a tengu reaver
 25131 | D:15     | Killed a tengu reaver
 25287 | D:15     | Noticed a frost giant
 25292 | D:15     | Killed a frost giant
 25689 | D:15     | Found Agigyir's Gadget Boutique.
 26174 | D:15     | Found a staircase to the Depths.
 26485 | Spider:1 | Entered Level 1 of the Spider Nest
 26492 | Spider:1 | Reached XP level 16. HP: 124/129 MP: 20/20
 26498 | Spider:1 | Noticed Azrael
 26512 | Spider:1 | Noticed Asterion
 26512 | Spider:1 | Killed Azrael
 26512 | Spider:1 | Received a gift from Trog
 26520 | Spider:1 | HP: 6/129 [poisoned by a redback]
 26530 | Spider:1 | Slain by Asterion

Vault maps used:
D:1:      dpeg_arrival_boxes_within_box
D:2:      uniq_natasha, uniq_robin, uniq_jessica
D:3:      cheibrodos_ashenzari_chains, hangedman_decor_opposing,
          nicolae_ru_path_of_blood
D:4:      minmay_temple_entry_junction_2, first_bread
D:5:      serial_shops, kennysheep_mini, serial_bayou_lake_a, uniq_pikel
D:6:      nicolae_elemental_shop, uniq_menkaure
D:7:      gammafunk_temple_overflow_pools
D:8:      cheibrodos_barr_body
D:9:      gammafunk_sealed_library, kennysheep_mini_moat, kennysheep_little_box,
          uniq_maurice, uniq_gastronok, uniq_erica
D:10:     enter_trove_5
D:11:     minmay_orc_entry_temple_small, hangedman_stone_soup
D:13:     grunt_vaults_entry_tiered, einodemon_barbed_minivault
D:14:     small_statue_intersection, uniq_rupert, uniq_urug, uniq_frances
D:15:     grunt_enter_depths_hoard, serial_shops, shop, minivault_13
Lair:1:   uniq_fannar
Lair:2:   minmay_shoals_entry_beasts, portal_ice_cave_entry_pillars_2,
          bobbens_dragon_lair_wall, infiniplex_staircase_pool
Lair:3:   nicolae_spider_entry_orb_guardian, uniq_harold
Lair:5:   cheibrodos_magma_flow, nicolae_slime_entry_slimehenge,
          nicolae_volcano_entry_hallway
Lair:6:   evilmike_catoblepas_cave, wad_woods_02
Spider:1: uniq_louise, uniq_asterion, uniq_azrael
Orc:1:    guppyfry_library_mini
Orc:2:    kennysheep_orc_mage_school, uniq_josephine
IceCv:    ice_cave_small_dragons
Volcano:  kennysheep_volcano_temple

Skill      XL: |  1  2  3  4  5  6  7  8  9 10 11 12 13 14 15 16 |
---------------+-------------------------------------------------+-----
Axes           | 3 4 5 6 7 9 10 11 13 16 17 18 | 18.4
Fighting       | 4 5 6 7 8 10 12 | 12.6
Armour         | 4 7 9 10 13 | 13.4
Dodging        | 3 4 6 8 9 |  9.1
Evocations     | 2 3 6 |  6.0

Action                   |  1- 3 |  4- 6 |  7- 9 | 10-12 | 13-15 | 16-18 || total
-------------------------+-------+-------+-------+-------+-------+-------++-------
Melee: Hand axe          |    79 |    97 |   240 |   246 |       |       ||   662
       Kick              |    13 |    27 |    80 |   174 |   247 |    10 ||   551
       Headbutt          |       |    11 |    52 |   114 |   161 |     2 ||   340
       Battleaxe         |       |       |       |   237 |   168 |       ||   405
       Executioner's axe |       |       |       |       |   600 |    23 ||   623
       Scimitar          |       |       |       |       |     7 |       ||     7
Invok: Berserk           |     2 |     8 |     7 |    10 |    10 |     1 ||    38
       Trog's Hand       |       |     1 |     1 |     1 |     1 |       ||     4
       Brothers in Arms  |       |       |       |     3 |       |       ||     3
       Burn Spellbooks   |       |       |       |     4 |     3 |       ||     7
Evoke: Wand              |       |       |       |     5 |     2 |       ||     7
  Use: Scroll            |     1 |       |     3 |    18 |    22 |     4 ||    48
       Potion            |       |       |       |     3 |    10 |     5 ||    18
 Stab: Sleeping          |     1 |       |       |       |       |       ||     1
       Paralysed         |       |       |       |    13 |       |       ||    13
       Invisible         |       |       |       |       |     7 |     1 ||     8
  Eat: Chunk             |     3 |    13 |    20 |    23 |    39 |       ||    98
       Fruit             |       |       |     3 |     5 |     6 |       ||    14
       Meat ration       |       |       |       |     1 |       |       ||     1
       Bread ration      |       |       |       |       |     1 |       ||     1
Armor: Animal skin       |    13 |     6 |       |       |       |       ||    19
       Chain mail        |       |    13 |    41 |       |       |       ||    54
       Plate armour      |       |       |    35 |   273 |   517 |    27 ||   852
Dodge: Dodged            |    69 |    33 |    54 |   198 |   334 |    21 ||   709
       Rpst.: Scimitar   |       |       |       |       |     2 |       ||     2
